 Dungeon Crawl Stone Soup version 0.30.0-20-g3b4254fcbd (webtiles) character file.

Game seed: 18267663043648630571

56 RascalDebosk the Shield-Bearer (level 4, 0/35 HPs)
             Began as a Djinni Fighter on June 3, 2023.
             Slain by a gnoll
             ... wielding a +0 club
              (1 damage)
             ... on level 2 of the Dungeon.
             The game lasted 00:06:11 (1359 turns).

RascalDebosk the Shield-Bearer (Djinni Fighter)     Turns: 1359, Time: 00:06:12

Health: 0/35       AC:  6    Str: 15    XL:     4   Next: 17%
Gold:   74         EV:  8    Int: 12    God:
                   SH:  4    Dex: 12

rFire   + + .        a - +0 long sword
rCold   x . .        c - +0 buckler
rNeg    . . .        b - +0 scale mail
rPois   ∞            (no helmet)
rElec   .            (no cloak)
rCorr   .            (no gloves)
SInv    .            (boots unavailable)
Will    .....        (no amulet) Stlth
                     (no ring)
HPRegen 0.25/turn    (no ring)
MPRegen 0.00/turn

%: infuse magic (-1 HP)
@: flying
A: sickness immunity, fire resistance 2, cold vulnerability 1, float, innate
caster, HP casting, extra vitality 1
a: no special abilities


You were on level 2 of the Dungeon.
You visited 1 branch of the dungeon, and saw 3 of its levels.

You collected 74 gold pieces.

Inventory:

Hand Weapons
 a - a +0 long sword (weapon)
Armour
 b - a +0 scale mail (worn)
 c - a +0 buckler (worn)
Jewellery
 j - the amulet "Pijoun" {RegenMP +Inv rF- rCorr}
   (You found it on level 2 of the Dungeon)

   [amulet of magic regeneration]

   It increases your rate of magic regeneration.
   rF:        It makes you vulnerable to fire.
   +Inv:      It lets you turn invisible.
   rCorr:     It protects you from acid and corrosion.
Scrolls
 h - a scroll of noise {unknown}
 k - a scroll of silence {unknown}
 l - a scroll of fear {unknown}
 m - a scroll of enchant weapon {unknown}
Potions
 d - a potion of might
 e - a potion of haste {unknown}
 f - a potion of curing {unknown}
 g - a potion of resistance {unknown}
 i - a potion of heal wounds {unknown}


   Skills:
 - Level 3.0 Fighting
 - Level 1.7 Long Blades
 - Level 3.0 Armour
 - Level 3.0 Shields
 + Level 2.5 Spellcasting


You knew the following spells:

 Your Spells              Type           Power      Damage    Failure   Level
a - Slow                  Hex            28%        N/A       41%         1
Your spell library was empty.

Dungeon Overview and Level Annotations

Branches:
Dungeon (3/15)

Altars:


Innate Abilities, Weirdness & Mutations

You are immune to sickness and miasma.
You are immune to poison.
Your flesh is very heat resistant. (rF++)
You are vulnerable to cold. (rC-)
You float through the air rather than walking.
You learn spells naturally, not from books.
Your magical power is your life essence.
You have superior vitality. (+4 MHP)


Message History

You block the endoplasm's attack.
The endoplasm hits you but does no damage.
The endoplasm hits you but does no damage.
You hit the endoplasm but do no damage. You block the endoplasm's attack.
You hit the endoplasm.
The endoplasm is almost dead.
The endoplasm freezes you.
You are frozen.
You feel a terrible chill!
You hit the endoplasm but do no damage.
The endoplasm is almost dead.
The endoplasm freezes you.
You are frozen!
You feel a terrible chill!
The endoplasm hits you but does no damage.
You hit the endoplasm.
You kill the endoplasm!
You see here a +0 robe.
Found a trident.
Found an ancient bone altar of Kikubaaqudgha.
You see here a +0 trident.
Done exploring.
Done exploring.
There is a stone staircase leading down here.
You fly downwards.
The hobgoblin shouts!
You hear a shout!
Found 32 gold pieces and a robe.
There is a stone staircase leading up here.
A gnoll comes into view. It is wielding a +0 halberd.
Found a scroll labelled ALISUM RODEG and 10 gold pieces.
The gnoll shouts!
There is a stone staircase leading up here.
You hit the hobgoblin.
The hobgoblin is heavily wounded.
The hobgoblin closely misses you.
You closely miss the hobgoblin.
The hobgoblin is heavily wounded.
The hobgoblin barely misses you.
The hobgoblin hits you but does no damage.
A gnoll comes into view. It is wielding a +0 whip.
You barely miss the hobgoblin.
The hobgoblin is heavily wounded.
The hobgoblin barely misses you. The hobgoblin closely misses you.
A gnoll comes into view. It is wielding a +0 club.
The hobgoblin hits you but does no damage.
The gnoll closely misses you. The hobgoblin barely misses you.
The gnoll shouts!
You hit the hobgoblin.
The hobgoblin is severely wounded.
You hear a shout!
The hobgoblin hits you but does no damage.
The gnoll barely misses you. The hobgoblin hits you.
You hit the hobgoblin.
You kill the hobgoblin!
The gnoll hits you from afar with a +0 halberd!
The hobgoblin hits you but does no damage.
You hit the hobgoblin but do no damage. The hobgoblin closely misses you.
The gnoll hits you from afar with a +0 halberd.
A gnoll comes into view. It is wielding a +0 halberd.
You completely miss the hobgoblin.
The hobgoblin hits you but does no damage.
The gnoll closely misses you. The hobgoblin barely misses you.
The gnoll hits you from afar with a +0 halberd.
You barely miss the hobgoblin. The hobgoblin barely misses you.
The gnoll hits you from afar with a +0 halberd.
* * * LOW HITPOINT WARNING * * *
The gnoll hits you with a +0 club.
* * * LOW HITPOINT WARNING * * *
The gnoll barely misses you.
The hobgoblin hits you but does no damage.
The gnoll completely misses you. The gnoll barely misses you.
You fly upwards.
There is a stone staircase leading down here.
Unknown command.
You hit the gnoll.
The gnoll is moderately wounded.
You block the gnoll's attack. The gnoll hits you with a +0 club.
* * * LOW HITPOINT WARNING * * *
You block the hobgoblin's attack. The gnoll closely misses you.
The gnoll completely misses you.
The hobgoblin hits you but does no damage.
You slash the gnoll!
The gnoll is almost dead.
The gnoll hits you with a +0 whip.
* * * LOW HITPOINT WARNING * * *
You block the gnoll's attack.
The hobgoblin hits you but does no damage.
You closely miss the gnoll.
The gnoll is almost dead.
The gnoll barely misses you. The gnoll closely misses you.
The hobgoblin hits you.
* * * LOW HITPOINT WARNING * * *
You hit the gnoll.
The gnoll is almost dead.
The gnoll hits you with a +0 whip.
* * * LOW HITPOINT WARNING * * *
The gnoll hits you but does no damage.
The hobgoblin hits you but does no damage.
The gnoll hits you with a +0 whip.
* * * LOW HITPOINT WARNING * * *
The gnoll hits you with a +0 club.
You die...

######..##......# #....†.......
######...#......# #....†.......
.....#.#........#####....†.......
##..........(....................
##.#.#..###...###########.†......
...#.#..#####..# ######..........
####.#~~~P# ##.###..............#
# #.#P~♣~# #.gg#.####.........# #
#.#P~~## ###@g...(.........##
####.#.PP# #########.......#
...)....## #.......# ##......#
#.......# ##...^..# #.......#
...._..## #.......## .#.....#
#.......## .......# #######.##
######## #.#


You could see 2 gnolls and a hobgoblin.

Vanquished Creatures
  3 adders (D:2)
  A dart slug (D:2)
  A ball python (D:2)
  4 endoplasms
  3 giant cockroaches
  6 hobgoblins
  A bat (D:1)
  A goblin (D:1)
  3 kobolds (D:1)
  3 rats
26 creatures vanquished.

Notes
Turn   | Place    | Note
-------+----------+-------------------------------------------
     0 | D:1      | RascalDebosk the Djinni Fighter began the quest for the
                  | Orb.
     0 | D:1      | Reached XP level 1. HP: 20/20 MP: 0/0
   147 | D:1      | Reached skill level 1 in Spellcasting
   147 | D:1      | Reached XP level 2. HP: 22/25 MP: 0/0
   852 | D:2      | Identified the amulet "Pijoun" {RegenMP +Inv rF- rCorr}
   859 | D:2      | Reached XP level 3. HP: 27/30 MP: 0/0
   859 | D:2      | Learned a level 1 spell: Slow
   996 | D:2      | Reached XP level 4. HP: 31/35 MP: 0/0
  1359 | D:2      | HP: 1/35 [gnoll/+0 whip (6)]
  1359 | D:2      | Slain by a gnoll

Illustrated notes

Levels and vault maps discovered:
D:1:      dpeg_arrival_connections, layout_basic, hangedman_decor_push
D:2:      layout_basic, basic_altar, dreamdust_princess_corridor,
          serial_bayou_pond_d
D:3:      minmay_bubble_buster, layout_loops_ring

Skill      XL: |  1  2  3 |
---------------+----------+-----
Spellcasting   | 1 2 |  2.5
Fighting       | |  3.0
Long Blades    | |  1.7
Armour         | |  3.0
Shields        | |  3.0

Action                     |  1- 3 |  4- 6 || total
---------------------------+-------+-------++-------
  Melee: Long sword        |    72 |    27 ||    99
 Armour: Scale mail        |    36 |    19 ||    55
  Dodge: Dodged            |    31 |    26 ||    57
  Block: Buckler           |    20 |     6 ||    26
